 Dungeon Crawl Stone Soup version 0.27.1-34-g3ba077fa99 (webtiles) character file.

Game seed: 15462948184743422127

46 Sharkman1231 the Skirmisher (level 3, -4/29 HPs)
             Began as a Demonspawn Abyssal Knight on Jan 17, 2022.
             Was a Follower of Lugonu.
             Slain by a river rat (9 damage)
             ... on level 3 of the Dungeon.
             The game lasted 00:01:33 (1166 turns).

Sharkman1231 the Skirmisher (DsAK)                  Turns: 1166, Time: 00:01:33

Health: -4/29      AC:  3    Str:  9 (12) XL:     3   Next: 44%
Magic:  5/5        EV: 11    Int: 10 (13) God:    Lugonu [*.....]
Gold:   53         SH:  0    Dex: 11 (13) Spells: 2/2 levels left

rFire    . . .     SeeInvis .   a - +1 falchion
rCold    . . .     Faith    .   (no shield)
rNeg     . . .     Spirit   .   b - +0 leather armour
rPois    .         Reflect  .   (no helmet)
rElec    .         Harm     .   (no cloak)
rCorr    .         Rampage  .   (no gloves)
Will     .....                  (no boots)
Stlth    +.........             (no amulet)
HPRegen  0.09/turn              (no ring)
MPRegen  0.09/turn              (no ring)

@: mighty
A: claws 1
a: Renounce Religion, Depart the Abyss


You were on level 3 of the Dungeon.
You worshipped Lugonu.
Lugonu was aware of your devotion.
You visited 1 branch of the dungeon, and saw 3 of its levels.
You visited the Abyss 1 time.

You collected 53 gold pieces.

Inventory:

Hand Weapons
 a - a +1 falchion (weapon)
Armour
 b - a +0 leather armour (worn)


   Skills:
 + Level 3.4 Fighting
 - Level 2.0 Long Blades
 - Level 1.7 Armour
 + Level 1.6 Dodging
 + Level 0.7 Unarmed Combat
 + Level 3.2 Invocations


You had 2 spell levels left.
You didn't know any spells.
Your spell library was empty.

Dungeon Overview and Level Annotations

Branches:
Dungeon (3/15)

Altars:

Portals:
Sewer: D:3

Annotations:
D:2 Robin


Innate Abilities, Weirdness & Mutations

You have sharp fingernails.


Message History

You kill the ball python!
Lugonu accepts your kill.
Unknown command.
You are too injured to fight recklessly!
You slash the giant cockroach!
You kill the giant cockroach!
Lugonu accepts your kill.
You are too injured to fight recklessly!
Things that are here:
a giant cockroach corpse; a rat corpse You enter the shallow water.
Moving in this stuff is going to be slow.
As you open the door, it creaks loudly! 2 rats and a giant cockroach come into view.
A river rat comes into view.
The giant cockroach moves out of view.
Found a glowing drain.
You hear the brisk rusting of a drain very nearby.
Things that are here:
a giant cockroach corpse; a rat corpse You hit the river rat but do no damage.
The river rat closely misses you.
You closely miss the river rat. The river rat completely misses you.
The river rat bites you but does no damage.
You completely miss the river rat. The river rat bites you.
You are too injured to fight recklessly!
You completely miss the river rat. The river rat bites you.
You closely miss the river rat. The river rat bites you.
* * * LOW HITPOINT WARNING * * *
You hit the river rat.
The river rat is moderately wounded.
The river rat closely misses you.
You riposte.
You barely miss the river rat.
The river rat is moderately wounded.
It was a potion of degeneration.
There was something very wrong with that liquid.
You feel weakened.
You feel dopey.
You feel clumsy.
The river rat bites you but does no damage.
It was a potion of might.
You feel very mighty all of a sudden. The river rat bites you!
You die...

#..≈.≈# ≈≈#
#...≈≈##'##
#...≈≈≈≈≈≈#
#......≈..#
#.......≈≈#
#.r.......#
#.Br#######
##r## ##@# #..#
#############.##
#.............#
#.###.#########
###.# #.# ....#
#.# ....# ..#
#.....###


You could see a river rat, a giant cockroach and 2 rats.

Vanquished Creatures
  An adder (D:3)
  An ufetubus (Abyss:1)
  2 dart slugs
  3 endoplasms
  3 giant cockroaches (D:3)
  2 goblins
  A hobgoblin (D:1)
  2 jackals (D:1)
  A quokka (D:1)
  2 ball pythons
  4 bats
  A frilled lizard (D:1)
  A kobold (D:3)
  4 rats
28 creatures vanquished.

Notes
Turn   | Place    | Note
-------+----------+-------------------------------------------
     0 | Abyss:1  | Sharkman1231 the Demonspawn Abyssal Knight began the quest
                  | for the Orb.
     0 | Abyss:1  | Reached XP level 1. HP: 18/18 MP: 2/2
    48 | Abyss:1  | Noticed a small abomination
    74 | Abyss:1  | Found an iron altar of Okawaru.
    85 | Abyss:1  | Reached skill level 1 in Dodging
    96 | D:1      | Escaped the Abyss
   399 | D:1      | Gained mutation: You have sharp fingernails. [demonic
                  | ancestry]
   399 | D:1      | Reached XP level 2. HP: 18/24 MP: 4/4
   510 | D:1      | Reached * piety under Lugonu
   531 | D:1      | HP: 1/24 [bat (1)]
   853 | D:1      | You fall into a shaft and drop 1 floor!
   853 | D:2      | Noticed Robin
   947 | D:3      | Reached XP level 3. HP: 10/29 MP: 5/5
  1152 | D:3      | Found a glowing drain.
  1166 | D:3      | Slain by a river rat

Illustrated notes

Levels and vault maps discovered:
D:1:      minmay_arrival_up_and_down, layout_basic, minmay_tall_x
D:2:      layout_basic, uniq_robin, uniq_terence
D:3:      layout_basic, mainiacjoe_overflow_alcove_1, portal_sewer_entry_e

Skill      XL: |  1  2 |
---------------+-------+-----
Dodging        | 1 |  1.6
Long Blades    | 2 |  2.0
Invocations    | 3 |  3.2
Fighting       | |  3.4
Armour         | |  1.7
Unarmed Combat | |  0.7

Action                   || total
-------------------------++-------
Melee: Falchion          ||    91
Invok: Depart the Abyss  ||     1
  Use: Scroll            ||     1
       Potion            ||     2
Armor: Leather armour    ||    45
Dodge: Dodged            ||   102
       Rpst.: Falchion   ||    24
